 Dungeon Crawl Stone Soup version 0.16.0-1-gbc1383b (console) character file.

130 gw the Cudgeler (level 5, -3/31 HPs)
             Began as a Tengu Skald on Mar 14, 2015.
             Was an Initiate of Qazlal.
             Slain by an orc
             ... wielding a +0 mace
              (6 damage)
             ... on level 3 of the Dungeon.
             The game lasted 00:02:21 (3255 turns).

gw the Cudgeler (Tengu Skald)                       Turns: 3255, Time: 00:02:21

Health: -3/31      AC:  3    Str: 12    XL:     5   Next: 14%
Magic:  0/13       EV: 12    Int: 13    God:    Qazlal [......]
Gold:   114        SH:  0    Dex: 14    Spells: 4 memorised, 2 levels left

rFire  . . .     SeeInvis .     a - +3 mace
rCold  + . .     Clarity  .     f - +0 leather armour {rC+}
rNeg   . . .     SustAb   .     (no shield)
rPois  .         Gourm    .     (helmet restricted)
rElec  .         Spirit   .     (no cloak)
rCorr  .         Warding  .     (no gloves)
rMut   .         Stasis   .     (boots unavailable)
MR     .....                    (no amulet)
Stlth  +.........               (no ring)
                                (no ring)

@: shrouded, infused, singing (expiring), very slightly contaminated, drained,
not resistant to hostile enchantments, very unstealthy
A: able to fly, beak, talons 3, sense surroundings 2, screaming 1
a: Fly, Renounce Religion, Stop Singing


You were on level 3 of the Dungeon.
You worshipped Qazlal.
Qazlal was noncommittal.
You were hungry.

You visited 1 branch of the dungeon, and saw 3 of its levels.

You collected 114 gold pieces.

Inventory:

Hand weapons
 a - a +3 mace (weapon)
Missiles
 g - 3 javelins (quivered)
 h - 56 stones
 k - 4 needles of sleeping
Armour
 f - a +0 leather armour of cold resistance (worn)
Books
 c - a book of Battle

   Spells                             Type                      Level
   a - Infusion                       Charms                       1
   b - Shroud of Golubria             Charms/Translocation         2
   c - Song of Slaying                Charms                       2
   d - Spectral Weapon                Hexes/Charms                 3
   e - Regeneration                   Charms/Necromancy            3
Comestibles
 b - 2 chunks of flesh
 d - 4 bread rations
 i - 5 fruits
 j - a slice of pizza


   Skills:
 + Level 2.4(2.1) Fighting
 + Level 3.1(2.8) Maces & Flails
 - Level 1.1(0.8) Armour
 + Level 2.3(2.0) Dodging
 + Level 3.0(2.7) Spellcasting
 + Level 3.0(2.7) Charms
 * Level 0.6(0.4) Invocations


You had 2 spell levels left.
You knew the following spells:

 Your Spells              Type           Power        Failure   Level  Hunger
a - Infusion              Chrm           #.....       12%         1    #......
b - Shroud of Golubria    Chrm/Tloc      #.........   28%         2    ###....
c - Song of Slaying       Chrm           #.......     17%         2    ###....
d - Spectral Weapon       Hex/Chrm       #.......     54%         3    ###....


Dungeon Overview and Level Annotations

Branches:
Dungeon (3/15)

Altars:
Kikubaaqudgha
Qazlal
Ru
Sif Muna


Innate Abilities, Weirdness & Mutations

You can fly.
You have a beak for a mouth.
You have claws for feet.
You passively map the area around you.
You occasionally shout uncontrollably at your foes.


Message History

Unknown command.
Unknown command.
Unknown command.
Casting: Shroud of Golubria
Confirm with . or Enter, or press ? or * to list all spells.
You begin infusing your attacks with magical energy.
Your song is almost over.
Something hits you but does no damage. The orc hits you with a mace!
Eat one of 2 chunks of flesh? (ye/n/q/i?) Eat which item? (? for menu, Esc to quit)
You can't eat that!
Unknown command.
Unknown command.
Unknown command.
ATTACK MOVE TO (1,0)
You barely miss the orc. You peck the orc.
The orc is heavily wounded.
Something hits you but does no damage. x2
The orc hits you with a mace.
You die...

** * , * *
*
##########.
* * *
#Qo...oo.(.
,,
#)#####....
, , , #.# ,
* #.# #.#
,, * #.# *
, , , #.# ,
, #.# ,,
#.# * ,,, *


You could see 2 orc wizards and an orc.

Table legend:
 A = Turns spent in this place as a percentage of turns spent in the entire game.
 B = Non-inter-level travel turns spent in this place as a percentage of non-inter-level travel turns spent in the entire game.
 C = Inter-level travel turns spent in this place as a percentage of turns spent in this place.
 D = Turns resting spent in this place as a percentage of non-inter-level travel turns spent in this place.
 E = Turns spent auto-exploring this place as a percentage of non-inter-level travel turns spent in this place.
 F = Non-inter-level travel turns spent in this place divided by the number of levels of this place that you've seen.
                   A       B       C       D       E      F
               +-------+-------+-------+-------+-------+----------------------
         Total | 100.0 | 100.0 |   0.4 |   2.5 |   2.5 | 1361.3
       Dungeon | 100.0 | 100.0 |   0.4 |   2.5 |   2.5 | 1361.3
               +-------+-------+-------+-------+-------+----------------------

Table legend:
 A = Kills in this place as a percentage of kills in entire the game.
 B = Kills by you in this place as a percentage of kills by you in the entire game.
 C = Kills by friends in this place as a percentage of kills by friends in the entire game.
 D = Other kills in this place as a percentage of other kills in the entire game.
 E = Experience gained in this place as a percentage of experience gained in the entire game.
 F = Experience gained in this place divided by the number of levels of this place that you have seen.
                   A       B       C       D       E      F
               +-------+-------+-------+-------+-------+----------------------
         Total | 100.0 | 100.0 |  -nan |  -nan | 100.0 |  62.3
       Dungeon | 100.0 | 100.0 |  -nan |  -nan | 100.0 |  62.3
               +-------+-------+-------+-------+-------+----------------------

Vanquished Creatures
  An orc wizard (D:3)
  5 adders (D:2)
  A worm (D:2)
  2 giant geckos (D:1)
  3 orcs (D:3)
  2 bat zombies (D:2)
  A giant cockroach (D:1)
  6 hobgoblins
  2 ball pythons (D:1)
  11 bats
  4 giant newts (D:2)
  5 goblins
  2 jackals (D:1)
  5 kobolds
  A quokka (D:1)
  9 rats
60 creatures vanquished.

Notes
Turn   | Place    | Note
--------------------------------------------------------------
     0 | D:1      | gw, the Tengu Skald, began the quest for the Orb.
     0 | D:1      | Reached XP level 1. HP: 12/12 MP: 3/3
   333 | D:1      | Reached XP level 2. HP: 9/17 MP: 0/5
   604 | D:1      | Learned a level 2 spell: Shroud of Golubria
   661 | D:1      | Learned a level 2 spell: Song of Slaying
  1124 | D:1      | Reached XP level 3. HP: 18/21 MP: 0/7
  1801 | D:2      | Reached XP level 4. HP: 26/26 MP: 0/9
  1879 | D:2      | Learned a level 3 spell: Spectral Weapon
  2008 | D:2      | Found a sacrificial altar of Ru.
  2335 | D:2      | Reached skill level 3 in Maces & Flails
  2450 | D:2      | Found a stormy altar of Qazlal.
  2451 | D:2      | Found a deep blue altar of Sif Muna.
  2459 | D:2      | Became a worshipper of Qazlal Stormbringer
  2527 | D:2      | Found an ancient bone altar of Kikubaaqudgha.
  3056 | D:2      | Gained mutation: You passively map a small area around you. [potion of mutation]
  3056 | D:2      | Gained mutation: You occasionally shout uncontrollably at your foes. [potion of mutation]
  3056 | D:2      | Gained mutation: You passively map the area around you. [potion of mutation]
  3251 | D:3      | Reached XP level 5. HP: 17/31 MP: 0/13
  3255 | D:3      | Slain by an orc

Action                   |  1- 3 |  4- 6 || total
-------------------------+-------+-------++-------
Melee: Mace              |    70 |    38 ||   108
Throw: Javelin           |    33 |    34 ||    67
       Stone             |     2 |     7 ||     9
 Cast: Infusion          |    24 |     6 ||    30
       Shroud of Golubri |    16 |     8 ||    24
       Song of Slaying   |       |     1 ||     1
  Use: Scroll            |     5 |     3 ||     8
       Potion            |       |     5 ||     5
  Eat: Chunk             |     5 |     5 ||    10

Vault maps used:
D:1:      sevenhm_arrival_forest_fort_small_3
D:2:      nicolae_ru_awakened_eye, lemuel_zombie_altar_kikubaaqudgha,
          minitemple, kennysheep_another_room
D:3:      first_bread
